 Dungeon Crawl Stone Soup version 0.31-a0-460-g9e667d4245 (webtiles) character file.

Game seed: 7031642556557224638

2301 Ofeo the Trooper (level 9, -1/72 HPs)
             Began as a Demonspawn Shapeshifter on Aug 4, 2023.
             Was an Initiate of Gozag.
             Engulfed by a steam dragon's steam (14 damage)
             ... on level 7 of the Dungeon.
             The game lasted 00:06:29 (7435 turns).

Ofeo the Trooper (Demonspawn Shapeshifter)          Turns: 7435, Time: 00:06:29

Health: -1/72      AC:  8    Str: 23 (25) XL:     9   Next: 17%
Magic:  9/9        EV: 17    Int:  6 (8)  God:    Gozag
Gold:   830        SH:  0    Dex:  9 (12) Spells: 8/8 levels left

rFire   . .          .
                       - Unarmed
rCold   + . .        (no shield)
rNeg    . . .        h - +1 ring mail {rC+}
rPois   .            (helmet currently unavailable)
rElec   .            (cloak currently unavailable)
rCorr   .            (gloves currently unavailable)
SInv    .            (boots currently unavailable)
Will    .....        (no amulet) Stlth
                     (no ring)
HPRegen 0.32/turn    (no ring)
MPRegen 0.11/turn

%: random rage (3%)
@: confused, mighty, agile, lethally poisoned (-1 -> -2), beast-form,
ambrosia-drunk, gold aura, on berserk cooldown, slowed, very slow
A: beast (slay +4), yellow scales 1, powered by death 1, powered by pain 1,
weakness stinger 2, horns 1, berserk 1, strong 1
a: Begin Untransformation, Renounce Religion, Potion Petition, Call Merchant,
Bribe Branch


You were on level 7 of the Dungeon.
You worshipped Gozag.
Gozag was pleased with you.
You were a hulking beast.
You visited 2 branches of the dungeon, and saw 8 of its levels.
You also visited: Ossuary.

You collected 888 gold pieces.
You paid 58 gold pieces to Gozag.

Inventory:

Missiles
 i - 13 poisoned darts (quivered)
 m - 2 throwing nets
Armour
 a - a +0 animal skin
 h - a +1 ring mail of cold resistance (worn)
 o - a +0 pair of gloves
Jewellery
 x - a ring of protection from cold
 y - a ring of positive energy
 A - an amulet of reflection
 C - a ring of flight
Talismans
 c - a beast talisman (active)
Wands
 b - a wand of acid (7) {@v2}
 t - a wand of iceblast (5) {@v4}
Scrolls
 j - 5 scrolls of identify {unknown}
 k - a scroll of enchant armour {unknown}
 l - a scroll of enchant weapon {unknown}
 n - a scroll of immolation
 s - 2 scrolls of acquirement {unknown}
 u - 5 scrolls of amnesia {unknown}
 v - 2 scrolls of noise {unknown}
 w - 2 scrolls of poison {unknown}
 B - a scroll of teleportation {@r3}
Potions
 d - a potion of ambrosia
 e - a potion of degeneration
 f - 2 potions of curing {unknown}
 g - a potion of brilliance {unknown}
 p - a potion of attraction {unknown}
 q - a potion of haste {unknown}
 r - a potion of invisibility {unknown}
 z - a potion of resistance {unknown}


   Skills:
 + Level 7.1 Fighting
 + Level 6.6 Dodging
 + Level 3.1 Unarmed Combat
 + Level 6.0 Shapeshifting


You had 8 spell levels left.
You didn't know any spells.
Your spell library contained the following spells:

 Spells                   Type           Power      Damage    Failure   Level
 Vhi's Electric Charge    Tloc/Air       0%         N/A       94%         3
 Arcjolt                  Conj/Air       0%         1d10      100%        5
 Plasma Beam              Fire/Air       0%         2x1d10    100%        6


Dungeon Overview and Level Annotations

Branches:
Dungeon (7/15)             Temple (1/1) D:6         Ossuary (visited)

Altars:
Ashenzari
Cheibriados
Dithmenos
Fedhas
Gozag
Hepliaklqana
Makhleb
Nemelex Xobeh
Okawaru
Qazlal
Ru
Sif Muna
Trog
Uskayaw
Vehumet
Wu Jian
Xom
Yredelemnul

Shops:
D:3 :   D:4 [

Annotations:
D:7 Pikel


Innate Abilities, Weirdness & Mutations

You are a hulking beast.
Your limbs bulge with bestial killing power. (Slay +4)
You are partially covered in yellow scales. (AC +2)
You regenerate a little health from kills.
You sometimes gain a little power by taking damage.
You have a tail ending in a sharp stinger.
You have a pair of small horns on your head.
You sometimes lose your temper in combat.
Your muscles are strong. (Str +4, Int/Dex -1)


Message History

You feel yourself slow down.
You feel sick.
Things that are here:
7 gold pieces; a +0 spear of venom You now have 24/72 hp.
You feel very sick. The steam dragon breathes steam at you.
The ball of steam hits you!
* * * LOW HITPOINT WARNING * * *
You focus on the pain.
You feel very mighty all of a sudden.
You hear a croak.
You hear a shout!
You take 17 damage, and have 7/72 hp.
MASSIVE DAMAGE!!
It was a potion of degeneration.
There was something very wrong with that liquid.
You feel weakened.
You feel dopey.
You feel clumsy.
You feel sick. The steam dragon bites you.
* * * LOW HITPOINT WARNING * * *
The steam dragon completely misses you.
You take 3 damage, and have 4/72 hp.
You are confused.
You feel invigorated.
You feel sick.
The lemure is engulfed in a cloud of scalding steam.
The steam dragon misses you.
The steam dragon claws you but does no damage.
The steam dragon breathes steam at you. The ball of steam misses you.
A lemure comes into view.
The lemure is engulfed in a cloud of scalding steam.
The lemure misses you.
You hear a shout!
You regained 5 hp, and now have 9/72 hp.
You're too confused to move!
You are engulfed in a cloud of scalding steam.
You feel sick.
The steam dragon is distracted by your dazzling golden aura.
The lemure is distracted by your dazzling golden aura.
You regained 4 hp, and now have 13/72 hp.
You are engulfed in a cloud of scalding steam.
You die...
Your body crumbles into a pile of gold.

... .... #....# #.#....
.... #..# #.....###.#.#..
..>. #..###...........#.#
.....#...# #.(#.........
.....#...##.#.........#..
#....§##..............
#..§§.#######.#.##....
#..5$$#####...........
#K§5.h$...............
..55§.D#######.#.........
..####§ #.#.#...#... 5 ..
#.#.#####... ##.
#.#.#####... #.
#.#.#....... #+
#.#...##.... #.# ........
........


You could see Pikel, a steam dragon (unaware) and 4 lemures.

Vanquished Creatures
  Grinder (D:3)
  An ice beast (D:6)
  An ogre (D:5)
  2 centaurs
  2 phantoms (D:5)
  Blork the orc (D:4)
  3 elf zombies (Ossuary)
  3 bullfrogs (D:7)
  2 gnoll sergeants
  4 scorpions
  A hound (D:5)
  A human zombie (Ossuary)
  2 jellies (D:6)
  4 iguanas
  A sleepcap (D:6)
  Ijyb (D:3)
  Natasha (thrice) (D:4)
  An orc wizard (D:4)
  A hound zombie (Ossuary)
  4 mummies (Ossuary)
  20 gnolls
  8 adders
  A shadow imp (D:5)
  An ufetubus (D:5)
  An adder zombie (Ossuary)
  A dart slug (D:4)
  5 orcs
  7 endoplasms
  2 giant cockroaches (D:4)
  A gnoll zombie (Ossuary)
  4 goblins
  A hobgoblin (D:2)
  8 jackals
  A quokka (D:4)
  2 ball pythons (D:1)
  6 bats
  2 frilled lizards
  3 goblin zombies (Ossuary)
  9 kobolds
  An orc zombie (Ossuary)
  3 rats
  A rat zombie (Ossuary)
127 creatures vanquished.

Notes
Turn   | Place    | Note
-------+----------+-------------------------------------------
     0 | D:1      | Ofeo the Demonspawn Shapeshifter began the quest for the
                  | Orb.
     0 | D:1      | Reached XP level 1. HP: 15/15 MP: 1/1
   342 | D:1      | Gained mutation: You are partially covered in yellow
                  | scales. (AC +2) [demonic ancestry]
   342 | D:1      | Reached XP level 2. HP: 15/21 MP: 2/2
  1173 | D:2      | Found a faded altar of an unknown god.
  1334 | D:2      | Gained mutation: You regenerate a little health from kills.
                  | [demonic ancestry]
  1334 | D:2      | Reached XP level 3. HP: 25/27 MP: 3/3
  1966 | D:3      | Reached skill level 2 in Fighting
  1998 | D:3      | Noticed Ijyb
  2012 | D:3      | Killed Ijyb
  2220 | D:3      | Found Zaqepp's Book Shoppe.
  2280 | D:3      | Found an iron altar of Okawaru.
  2368 | D:3      | Found a sparkling altar of Nemelex Xobeh.
  2415 | D:3      | Reached XP level 4. HP: 32/34 MP: 4/4
  2757 | D:3      | Noticed Grinder
  2760 | D:3      | Gained mutation: You have a pair of small horns on your
                  | head. [potion of mutation]
  2760 | D:3      | Gained mutation: You sometimes lose your temper in combat.
                  | [potion of mutation]
  2760 | D:3      | Gained mutation: Your muscles are strong. (Str +4, Int/Dex
                  | -1) [potion of mutation]
  2761 | D:3      | Paralysed by Grinder for 2 turns
  2779 | D:3      | Killed Grinder
  2780 | D:3      | Reached skill level 3 in Fighting
  2780 | D:3      | Gained mutation: You have a small tail. [demonic ancestry]
  2780 | D:3      | Reached XP level 5. HP: 28/41 MP: 5/5
  2780 | D:3      | Gained mutation: You have a tail ending in a sharp stinger.
                  | [demonic ancestry]
  2780 | D:3      | Reached XP level 6. HP: 32/47 MP: 6/6
  2960 | D:4      | Noticed Natasha
  2965 | D:4      | Killed Natasha
  3111 | D:4      | Found a shadowy altar of Dithmenos.
  3151 | D:4      | Reached skill level 4 in Fighting
  3219 | D:4      | Found an opulent altar of Gozag.
  3271 | D:4      | Became a worshipper of Gozag Ym Sagoz the Greedy
  3304 | D:4      | Gained mutation: You sometimes gain a little power by
                  | taking damage. [demonic ancestry]
  3304 | D:4      | Reached XP level 7. HP: 54/54 MP: 7/7
  3353 | D:4      | Found Qaibroathry's Armour Shop.
  3389 | D:4      | Noticed Natasha
  3400 | D:4      | Killed Natasha
  3555 | D:4      | Noticed Natasha
  3565 | D:4      | Killed Natasha
  3597 | D:4      | Noticed Blork the orc
  3603 | D:4      | Killed Blork the orc
  3952 | D:5      | Entered Level 5 of the Dungeon
  4193 | D:5      | Reached skill level 5 in Fighting
  4283 | D:5      | Reached skill level 5 in Dodging
  4322 | D:5      | Found a sand-covered staircase.
  4336 | Ossuary  | Entered an ossuary
  4370 | Ossuary  | Reached XP level 8. HP: 63/63 MP: 8/8
  4395 | Ossuary  | Reached skill level 5 in Shapeshifting
  5097 | D:5      | Reached skill level 6 in Fighting
  5716 | D:6      | Found a staircase to the Ecumenical Temple.
  5724 | Temple   | Entered the Ecumenical Temple
  6999 | D:7      | Reached XP level 9. HP: 71/71 MP: 9/9
  7145 | D:7      | Reached skill level 7 in Fighting
  7426 | D:7      | Noticed Pikel
  7435 | D:7      | Engulfed by a steam dragon's steam

Illustrated notes

Levels and vault maps discovered:
D:1:      tarquinn_simple_flora_water_b, layout_loops_corners,
          hangedman_feature_mirror
D:2:      layout_basic, shapermc_ecumenical_altar_gd
D:3:      layout_rooms, minmay_overflow_temple_star_quad, serial_shops,
          nicolae_shop_waterfront, uniq_grinder, uniq_ijyb
D:4:      layout_cave_pools, nicolae_dithmenos_shadow_blocks,
          nicolae_gozag_seed_capital, serial_shops, nicolae_shop_crystal,
          uniq_natasha, uniq_blork_the_orc
D:5:      nicolae_cairo_tiling_very_big, layout_basic, enter_ossuary_1,
          kennysheep_generic_room_4
D:6:      layout_basic, minmay_temple_entry_gardened_gates,
          chequers_serial_rivers_micro_d, grunt_ministairs_4,
          chequers_serial_rivers_micro_e
D:7:      layout_basic, mainiacjoe_overflow_six_doors_small, uniq_pikel
Temple:   regret_index_temple_generic_petals

Skill      XL: |  1  2  3  4  5  6  7  8  9 |
---------------+----------------------------+-----
Dodging        | 2 3 4 5 6 |  6.6
Shapeshifting  | 3 4 5 6 |  6.0
Fighting       | 2 3 4 5 6 7 |  7.1
Unarmed Combat | 3 |  3.1

Action                     |  1- 3 |  4- 6 |  7- 9 || total
---------------------------+-------+-------+-------++-------
  Melee: Unarmed           |    99 |    86 |   228 ||   413
         Headbutt          |       |    10 |    55 ||    65
         Tailslap          |       |     5 |    49 ||    54
         Punch             |       |       |     8 ||     8
  Evoke: Wand              |       |     1 |       ||     1
    Use: Scroll            |     3 |       |       ||     3
         Potion            |     2 |     1 |     2 ||     5
   Stab: Sleeping          |     2 |       |       ||     2
         Distracted        |       |       |     1 ||     1
 Armour: Animal skin       |    15 |       |       ||    15
         Ring mail         |    31 |    32 |    93 ||   156
         Skin              |     4 |       |       ||     4
  Dodge: Dodged            |    74 |    31 |   164 ||   269

Table legend: (Time is in decaauts)
 A = Elapsed time spent in this place.
 B = Non-inter-level travel time spent in this place.
 C = Inter-level travel time spent in this place.
 D = Time resting spent in this place.
 E = Time spent auto-exploring this place.
 F = Levels seen in this place.
 G = Mean time per level.
                   A        B        C        D        E       F      G
               +--------+--------+--------+--------+--------+-----+--------+
         Total |   7510 |   7264 |    246 |    524 |   5725 |   9 |  834.4 |
       Dungeon |   7116 |   6911 |    205 |    473 |   5580 |   7 | 1016.6 |
        Temple |     42 |      1 |     41 |      0 |      0 |   1 |   42.0 |
       Ossuary |    351 |    351 |      0 |     51 |    145 |   1 |  351.0 |
               +--------+--------+--------+--------+--------+-----+--------+

Top non-repeatable levels by time:
     D:5: 1346 daAuts
     D:6: 1339 daAuts
     D:4: 1036 daAuts
     D:2: 982 daAuts
     D:3: 980 daAuts
     D:1: 974 daAuts
     D:7: 456 daAuts
 Ossuary: 351 daAuts
  Temple: 42 daAuts
